cohdb
Replays
Latest Replays
All Replays
Popular Replays
Top Player Replays
Match Explorer
How It Works
Community
CoH3 Stats
Reddit
Sign in to upload your games and track your stats! →
Sign in with Steam
Match 42955219
Unlisted
Match 42955219
Overview
Messages
Build Orders
End
Construct Section Command Post
Vickers Machine Gun Team
Selects Heavy Armor Battlegroup
Infantry Section
Infantry Section
ML 3-inch Mortar Team
Construct Platoon Command Post
Selects Light Vehicle Withdraw and Refit
CMP 15cwt Truck
Infantry Section
ML 3-inch Mortar Team
6-pounder Anti-tank Gun Team
Construct Company Command Post
Selects Radio Net
Crusader II Medium Tank
Crusader II Medium Tank
Selects Recon Artillery
Forward Retreat Point
Recon Artillery
Matilda II Heavy Tank
Infantry Section
Matilda II Heavy Tank
Crusader II Medium Tank
Selects Rigorous Vehicle Training
Selects Forward Repair Assembly
6-pounder Anti-tank Gun Team
Crusader II Medium Tank
Crusader II Medium Tank
Recon Artillery
Crusader II Medium Tank
Sponge Bob
bl4ckjack
CalmSassarShow
rune41
Ra11
DangerouslyDumb
Ooga Boogatti
aSIIDemolitionHammer
0
0
Comments
sign in to comment!
No comments posted yet!